 Dungeon Crawl Stone Soup version 0.29.1-14-g9c671dbff4 (webtiles) character file.

Game seed: 4058393144767573297

180 Peloso the Covered (level 5, 0/46 HPs)
             Began as a Minotaur Fighter on Feb 20, 2023.
             Killed by divine providence
             ... invoked by an orc priest
              (12 damage)
             ... on level 4 of the Dungeon.
             The game lasted 00:05:07 (2573 turns).

Peloso the Covered (Minotaur Fighter)               Turns: 2573, Time: 00:05:07

Health: 0/46       AC: 11    Str: 20    XL:     5   Next: 33%
Magic:  4/4        EV:  7    Int:  5    God:
Gold:   119        SH:  5    Dex: 12    Spells: 4/4 levels left

rFire   . . .      SeeInvis .   a - +0 long sword
rCold   . . .      Faith    .   d - +0 buckler
rNeg    . . .      Spirit   .   b - +0 chain mail
rPois   .          Reflect  .   (helmet restricted)
rElec   .          Harm     .   (no cloak)
rCorr   .          Rampage  .   c - +0 pair of gloves
Will    .....                   (no boots)
Stlth   ..........              (no amulet)
HPRegen 0.15/turn               (no ring)
MPRegen 0.09/turn               (no ring)

@: mighty
A: horns 2, retaliatory headbutt
a: no special abilities


You were on level 4 of the Dungeon.
You visited 1 branch of the dungeon, and saw 6 of its levels.

You collected 159 gold pieces.
You spent 40 gold pieces at shops.

Inventory:

Hand Weapons
 a - a +0 long sword (weapon)
Armour
 b - a +0 chain mail (worn)
 c - a +0 pair of gloves (worn)
 d - a +0 buckler (worn)
Jewellery
 i - a ring of magical power
Wands
 k - a wand of digging (6)
 n - a wand of light (8)
Scrolls
 f - 2 scrolls of immolation
 g - a scroll of magic mapping
 m - a scroll of identify
 p - a scroll of enchant weapon {unknown}
Potions
 e - a potion of resistance
 j - a potion of attraction {unknown}
 q - 2 potions of curing {unknown}


   Skills:
 + Level 4.3 Fighting
 + Level 3.8 Long Blades
 + Level 5.0 Armour
 + Level 1.3 Dodging
 + Level 4.8 Shields


You had 4 spell levels left.
You didn't know any spells.
Your spell library contained the following spells:

 Spells                   Type           Power      Damage    Failure   Level
 Shock                    Conj/Air       0%         1d3       100%        1
 Call Canine Familiar     Summ           0%         N/A       100%        3
 Gell's Gravitas          Tloc           0%         N/A       100%        3
 Lesser Beckoning         Tloc           0%         N/A       100%        3
 Portal Projectile        Hex/Tloc       0%         N/A       100%        3
 Swiftness                Air            0%         N/A       100%        3
 Teleport Other           Tloc           0%         N/A       100%        3
 Airstrike                Air            0%         2d(0-16)  100%        4
 Leda's Liquefaction      Hex/Erth       0%         N/A       100%        4


Dungeon Overview and Level Annotations

Branches:
Dungeon (6/15)
 Temple: D:4-7

Altars:

Shops:
D:1 ?   D:5 *


Innate Abilities, Weirdness & Mutations

You have a pair of horns on your head.
You reflexively headbutt those who attack you in melee.


Message History

You closely miss the orc.
The orc priest hits you from afar with a +0 trident.
The orc barely misses you. You furiously retaliate!
You headbutt the orc, but do no damage.
The orc priest mumbles some strange prayers to Beogh against you.
Beogh smites you! The orc hits you but does no damage.
Unknown command.
You feel very mighty all of a sudden.
The orc priest hits you but does no damage.
You block the orc's attack.
You slash the orc!
The orc is almost dead.
The orc priest hits you from afar with a +0 trident.
* * * LOW HITPOINT WARNING * * *
The orc priest looks encouraged for a moment.
The orc hits you but does no damage.
An ogre comes into view. It is wielding a +0 giant club.
The orc attacks as you move away! The orc closely misses you.
The orc priest calls upon Beogh to heal the orc.
The orc is healed somewhat.
You barely miss the orc.
The orc is moderately wounded.
The ogre shouts!
The orc priest calls upon Beogh to heal the orc.
The orc's wounds heal themselves!
The orc barely misses you. You furiously retaliate!
You headbutt the orc!
You kill the orc!
Your Armour skill increases to level 5!
As you read the scroll labelled JOONKI OTUF, it crumbles to dust.
It is a scroll of amnesia.
You feel forgetful for a moment. You block the orc priest's attack.
The orc priest hits you with a +0 trident.
* * * LOW HITPOINT WARNING * * *
The orc priest hits you but does no damage.
Things that are here:
a +0 club; a +0 scale mail; an orc corpse You barely miss the orc priest.
The orc priest invokes the aid of Beogh against you.
Beogh smites you!
You die...

#................ ...#
##..............##..#
#...................#
##..................##
#..............).....#
.......#............##
#....###.O.........##
#..#.###o..........#
######.@o.##......##
###..##......#
#...##..##.##
##...)..#### ####..##
####


You could see an ogre and 2 orc priests.

Vanquished Creatures
  An orc priest (D:3)
  Natasha (thrice) (D:2)
  3 adders
  7 orcs
  5 bats
  A giant cockroach (D:1)
  3 goblins
  4 hobgoblins
  2 quokkas (D:3)
  6 ball pythons
  A frilled lizard (D:1)
  6 kobolds
  2 rats (D:1)
44 creatures vanquished.

Notes
Turn   | Place    | Note
-------+----------+-------------------------------------------
     0 | D:1      | Peloso the Minotaur Fighter began the quest for the Orb.
     0 | D:1      | Reached XP level 1. HP: 19/19 MP: 0/0
   485 | D:1      | Reached XP level 2. HP: 25/27 MP: 1/1
   529 | D:1      | Found Zucaapta's Magic Scroll Shop.
   582 | D:1      | Reached skill level 4 in Armour
   930 | D:2      | Reached XP level 3. HP: 33/33 MP: 2/2
   971 | D:2      | Found a faded altar of an unknown god.
   997 | D:2      | Noticed Natasha
  1002 | D:2      | Killed Natasha
  1003 | D:2      | Reached skill level 1 in Dodging
  1239 | D:2      | Noticed Natasha
  1249 | D:2      | Killed Natasha
  1250 | D:2      | Reached XP level 4. HP: 14/40 MP: 3/3
  1261 | D:2      | Noticed Natasha
  1267 | D:2      | Killed Natasha
  1890 | D:3      | Reached XP level 5. HP: 43/46 MP: 4/4
  2108 | D:3      | You fall into a shaft and drop 3 floors!
  2186 | D:5      | Entered Level 5 of the Dungeon
  2500 | D:5      | Found Xuarphos's Assorted Antiques.
  2503 | D:5      | Bought a fizzy grey potion for 20 gold pieces
  2503 | D:5      | Bought a fizzy grey potion for 20 gold pieces
  2520 | D:4      | Identified the +7 war axe "Paelocext" {distort, rPois rF-
                  | Str+4 Dex+2}
  2568 | D:4      | Noticed an ogre
  2571 | D:4      | Reached skill level 5 in Armour
  2573 | D:4      | Killed from afar by an orc priest

Illustrated notes

Levels and vault maps discovered:
D:1:      matt_arrival_refuge, layout_basic, serial_shops, shop
D:2:      layout_loops_cross, hellmonk_ecumenical_altar_lost_god,
          palyth_stone_intersect, serial_bayou_pond_a, uniq_natasha
D:3:      layout_loops_cross, grunt_ministairs_10, minmay_box_of_dots,
          uniq_robin, uniq_ijyb
D:4:      layout_cave_pools, mainiacjoe_overflow_catwalk, uniq_grinder
D:5:      minmay_chambers_of_fours, layout_basic, mainiacjoe_overflow_boulevard,
          serial_shops, shop
D:6:      layout_basic, mainiacjoe_overflow_two_lobes, hangedman_feature_mirror

Skill      XL: |  1  2  3  4  5 |
---------------+----------------+-----
Fighting       | 4 |  4.3
Shields        | 4 |  4.8
Armour         | 4 5 |  5.0
Long Blades    | 3 |  3.8
Dodging        | 1 |  1.3

Action                   |  1- 3 |  4- 6 || total
-------------------------+-------+-------++-------
Melee: Long sword        |    53 |    46 ||    99
       Headbutt          |     6 |    10 ||    16
  Use: Scroll            |       |     7 ||     7
       Potion            |       |     2 ||     2
Armor: Scale mail        |    26 |    18 ||    44
       Chain mail        |       |    11 ||    11
Dodge: Dodged            |    26 |    16 ||    42
Block: Buckler           |    14 |     7 ||    21
